 Dungeon Crawl Stone Soup version 0.20.1-1-g8b1a95d (webtiles) character file.

177 markt42 the Shield-Bearer (level 5, 0/32 HPs)
             Began as a Gargoyle Fighter on Oct 21, 2017.
             Killed by divine providence
             ... invoked by an orc priest
              (12 damage)
             ... on level 4 of the Dungeon.
             The game lasted 00:03:46 (2237 turns).

markt42 the Shield-Bearer (Gargoyle Fighter)        Turns: 2237, Time: 00:03:47

Health: 0/32       AC: 14    Str: 20    XL:     5   Next: 57%
Magic:  5/5        EV:  5    Int:  4    God:
Gold:   156        SH:  9    Dex: 12    Spells: 4/4 levels left

rFire    . . .     SeeInvis .   a - +0 flail
rCold    . . .     Gourm    .   c - +0 shield
rNeg     + . .     Faith    .   j - +0 chain mail
rPois    ∞         Spirit   .   m - +0 helmet
rElec    +         Reflect  .   (no cloak)
rCorr    .         Harm     .   (no gloves)
MR       .....                  (no boots)
Stlth    ..........             (no amulet)
Regen    0.0/turn               n - ring of flight
MPRegen  0.1/turn               (no ring)

@: no status effects
A: agile 1, dopey 2, negative energy resistance 1, electricity resistance,
inhibited regeneration, unbreathing, petrification resistance, rot immunity, AC
+4
a: Evoke Flight


You were on level 4 of the Dungeon.
You were hungry.

You visited 1 branch of the dungeon, and saw 4 of its levels.

You collected 156 gold pieces.

Inventory:

Hand Weapons
 a - a +0 flail (weapon)
Armour
 c - a +0 shield (worn)
 j - a +0 chain mail (worn)
 m - a +0 helmet (worn)
Jewellery
 n - a ring of flight (left hand)
Wands
 o - a wand of polymorph (5/24)
Scrolls
 b - 2 scrolls of enchant weapon {unknown}
 h - 3 scrolls of teleportation {unknown}
 i - 2 scrolls of fear {unknown}
 l - 3 scrolls of identify {unknown}
 p - a scroll of immolation {unknown}
Potions
 d - a potion of might
Comestibles
 f - 2 bread rations
 k - a meat ration


   Skills:
 + Level 3.6 Fighting
 * Level 4.2 Maces & Flails
 * Level 4.0 Armour
 + Level 0.1 Dodging
 + Level 4.3 Shields


You had 4 spell levels left.
You didn't know any spells.

Dungeon Overview and Level Annotations

Branches:
Dungeon (4/15)
 Temple: D:4-7

Altars:
Ashenzari
Dithmenos
Ru
Xom


Innate Abilities, Weirdness & Mutations

You are resistant to torment.
Your stone body is resilient. (AC +4)
You are immune to poison.
You resist negative energy. (rN+)
You are resistant to electric shocks. (rElec)
You can survive without breathing.
You are immune to petrification.
You are immune to rotting.
You are agile. (Dex +2)
You are very dopey. (Int -4)
You do not regenerate when monsters are visible.


Message History

Beogh smites you!
* * * LOW HITPOINT WARNING * * *
The orc closely misses you.
The orc priest hits you but does no damage.
It was a potion of mutation.
You feel extremely strange.
Your regeneration stops near monsters.
You feel stupid. x2; You feel agile. The orc hits you but does no damage.
The orc priest hits you with a hand axe.
* * * LOW HITPOINT WARNING * * *
You feel better. The orc barely misses you.
The orc priest hits you but does no damage.
You hit the orc priest.
The orc priest is heavily wounded.
The orc hits you but does no damage. You block the orc priest's attack.
You sock the orc priest!
The orc priest is almost dead.
The orc hits you but does no damage.
The orc priest mumbles some strange prayers to Beogh against you.
Beogh smites you!
You die...

.. #.
#......#.......##.
#...............#.
..!..............
## #............
.###.# ..........#
#.#.## #.......#
##<...# #.oo....##
##...###
#..@.....###...##
##............##
#.........†:.#
#......####...#
#.......# #.....#
#.......##
........#
........##
....##..#
##.......# ...###
### ##.....## ...#


You could see an orc priest and an orc.

Vanquished Creatures
  A worker ant (D:3)
  4 gnolls (D:2)
  7 adders
  An ooze (D:1)
  A leopard gecko (D:2)
  2 orcs
  A giant cockroach (D:3)
  5 goblins
  2 hobgoblins
  5 jackals (D:2)
  4 bats
  5 frilled lizards
  8 kobolds
  7 rats
53 creatures vanquished.

Notes
Turn   | Place    | Note
-------+----------+-------------------------------------------
     0 | D:1      | markt42 the Gargoyle Fighter began the quest for the Orb.
     0 | D:1      | Reached XP level 1. HP: 14/14 MP: 1/1
   170 | D:1      | Reached XP level 2. HP: 19/19 MP: 2/2
   725 | D:2      | Reached XP level 3. HP: 9/23 MP: 3/3
   980 | D:2      | Reached XP level 4. HP: 28/28 MP: 4/4
  1372 | D:2      | Found a sacrificial altar of Ru.
  1373 | D:2      | Found a shattered altar of Ashenzari.
  1373 | D:2      | Found a shadowy altar of Dithmenos.
  1373 | D:2      | Found a shimmering altar of Xom.
  1537 | D:3      | Reached XP level 5. HP: 32/32 MP: 5/5
  2234 | D:4      | Gained mutation: You do not regenerate when monsters are visible. [potion of mutation]
  2234 | D:4      | Gained mutation: You are dopey. (Int -2) [potion of mutation]
  2234 | D:4      | Gained mutation: You are very dopey. (Int -4) [potion of mutation]
  2234 | D:4      | Gained mutation: You are agile. (Dex +2) [potion of mutation]
  2237 | D:4      | Killed from afar by an orc priest

Skill      XL: |  1  2  3  4  5 |
---------------+----------------+-----
Maces & Flails | 3 4 |  4.2
Shields        | 4 |  4.3
Armour         | 4 |  4.0
Fighting       | |  3.6
Dodging        | |  0.1

Action                   |  1- 3 |  4- 6 || total
-------------------------+-------+-------++-------
Melee: Flail             |   116 |   143 ||   259
  Use: Potion            |     1 |     2 ||     3
  Eat: Chunk             |       |     4 ||     4
Armor: Scale mail        |     6 |       ||     6
       Chain mail        |    85 |   113 ||   198
Dodge: Dodged            |    43 |    31 ||    74
Block: Shield            |    76 |    98 ||   174
